 Dungeon Crawl Stone Soup version 0.26-a0-259-g1effd001a9 (webtiles) character file.

Game seed: 2913771501257962952

18355 HoaS the Brawler (level 12, -6/82 HPs)
             Began as a Gargoyle Gladiator on July 14, 2020.
             Was a High Priest of Makhleb.
             Mangled by a death yak (13 damage)
             ... in a Gauntlet.
             The game lasted 00:32:14 (11334 turns).

HoaS the Brawler (Gargoyle Gladiator)              Turns: 11334, Time: 00:32:15

Health: -6/82      AC: 23    Str: 20    XL:     12   Next: 57%
Magic:  0/12       EV: 10    Int: 10    God:    Makhleb [*****.]
Gold:   686        SH:  0    Dex: 13    Spells: 11/11 levels left

rFire    . . .     SeeInvis .     - Unarmed
rCold    . . .     Faith    .   (no shield)
rNeg     + + .     Spirit   +   k - +2 pearl dragon scales
rPois    ∞         Reflect  .   N - +1 helmet
rElec    +         Harm     .   x - +0 cloak
rCorr    +         NoTele   +   (no gloves)
MR       .....                  (no boots)
Stlth    ..........             v - amulet of guardian spirit
HPRegen  0.23/turn              z - ring of resist corrosion
MPRegen  0.13/turn              (no ring)

@: mighty
A: negative energy resistance 1, electricity resistance, unbreathing,
petrification resistance, rot immunity, AC +8
a: Minor Destruction, Lesser Servant of Makhleb, Major Destruction, Greater
Servant of Makhleb, Renounce Religion


You were in a Gauntlet.
You worshipped Makhleb.
Makhleb was extremely pleased with you.
You were not hungry.

You visited 2 branches of the dungeon, and saw 13 of its levels.
You also visited: Gauntlet.

You collected 686 gold pieces.

Inventory:

Missiles
 a - 18 boomerangs
 e - 50 poisoned darts
 p - 8 atropa-tipped darts
 s - 14 curare-tipped darts
 D - 5 silver boomerangs
 I - a throwing net
 K - 5 javelins (quivered)
 L - 11 silver javelins
Armour
 k - +2 pearl dragon scales (worn)
 x - a +0 cloak (worn)
 N - a +1 helmet (worn)
Jewellery
 v - an amulet of guardian spirit (around neck)
 z - a ring of resist corrosion (left hand)
 O - an uncursed ring of ice
Wands
 b - a wand of acid (10)
 l - a wand of flame (37)
 o - a wand of disintegration (9)
 q - a wand of iceblast (12)
 t - a wand of polymorph (6)
 P - a wand of random effects (21)
Scrolls
 j - 6 scrolls of remove curse
 y - 2 scrolls of fear
 A - 5 scrolls of teleportation
 B - a scroll of blinking
 G - a scroll of identify
 M - a scroll of fog
Potions
 f - a potion of stabbing {unknown}
 h - 10 potions of curing
 i - a potion of lignification {unknown}
 m - 4 potions of flight
 n - 2 potions of mutation {unknown}
 u - 2 potions of cancellation {unknown}
 w - a potion of haste {unknown}
 C - 2 potions of heal wounds
 E - a potion of magic {unknown}
 F - 2 potions of degeneration {unknown}
 H - a potion of resistance {unknown}
 J - 2 potions of invisibility
 Q - a potion of ambrosia {unknown}
Comestibles
 d - 45 rations


   Skills:
 * Level 12.8 Fighting
 - Level 1.7 Throwing
 + Level 3.2 Dodging
 * Level 15.7 Unarmed Combat


You had 11 spell levels left.
You didn't know any spells.
Your spell library contained the following spells:

 Spells                   Type           Power        Failure   Level
 Animate Skeleton         Necr           #.....       82%         1
 Beastly Appendage        Tmut           #.....       82%         1
 Pain                     Necr           #...         82%         1
 Sticks to Snakes         Tmut           #.......     91%         2
 Spider Form              Tmut/Pois      #.........   99%         3
 Vampiric Draining        Necr           #.........   99%         3
 Animate Dead             Necr           #.........   100%        4
 Ice Form                 Ice/Tmut       #.......     100%        4
 Agony                    Necr           #.......     100%        5
 Blade Hands              Tmut           #.........   100%        5


Dungeon Overview and Level Annotations

Branches:
Dungeon (11/15)            Temple (0/1) D:6            Lair (2/6) D:11
  Snake (0/4) Lair:2          Orc (0/2) D:10        Gauntlet (1/1)
  Swamp: Lair:2-4    Shoals: Lair:2-4

Altars:
Cheibriados
Fedhas
Makhleb
Qazlal
Sif Muna
The Shining One

Annotations:
D:3 3 runed translucent doors, iles's ghost, amateur HOFi Gauntlet 11 transporters, 2 runed translucent doors


Innate Abilities, Weirdness & Mutations

You are resistant to torment.
Your stone body is resilient. (AC +8)
You are immune to poison.
You resist negative energy. (rN+)
You are resistant to electric shocks. (rElec)
You can survive without breathing.
You are immune to petrification.
You are immune to rotting.


Message History

You struggle against the net.
The death yak gores you! The death yak barely misses you.
You shred the net and break free!
The white imp shouts, "Scamper hence, thou erky fool-born haggard!"
You hear a shout!
The death yak gores you but does no damage.
The death yak fails to trigger a net trap.
The death yak gores you!
The death yak gores you but does no damage.
You hit the death yak.
The death yak is moderately wounded.
The death yak gores you but does no damage. x2
You punch the death yak!
The death yak is heavily wounded.
The death yak gores you!! The death yak gores you!
* * * LOW HITPOINT WARNING * * *
The death yak gores you!
* * * LOW HITPOINT WARNING * * *
The death yak gores you!
You die...

......#..###########..#..........
#######..#.........#..#########..
.#.#5##..#.#^#.#^#^#..#....555#..
#.#.#3#..#..#§#.#.§#..#..##.5##.8
.#.#5##..#Y#.#.#^#Y#..#p##..###..
#.#.#5#©©#.^#.©§#.©#©©###^©##©#.∩
.#©#!##..#^#.#p#Y#?#..##..##.=#..
#.#.#5#..#Y.#.#Y#Y)#..#..##.[.#.8
.#.#.##..#.#.#.#@#(#..#.....pp#..
#######..#^....YY.^#..#########..
......#..###########..#..........
#######..#.........#..#########..
..##..#..#.........#..#.......#..
#...#.#..#..##≈##..#..#..####.#..
.#..#.#..#..§###≈..#..#.#.^..^#..
.#©#.©#©.#..## ##..#.©#.#^©####..
#..#..#..#..§# #≈..#..#.#.#?[.#..


You could see 4 death yaks, a necromancer and a wizard.

Vanquished Creatures
  Harold (D:9)
  Fannar (D:11)
  A hydra (D:11)
  2 two-headed ogres
  Pikel (D:7)
  Psyche (D:8)
  4 cane toads (Lair:1)
  2 kobold demonologists
  3 komodo dragons
  An ice devil (Gauntlet)
  Grinder (D:4)
  2 trolls
  A hornet (D:10)
  3 hippogriffs
  7 blink frogs (Lair:1)
  Sigmund (D:3)
  A wyvern (D:10)
  A vampire (D:10)
  10 yaks
  Grum (D:11)
  2 water moccasins (Lair:1)
  6 porcupines (Lair:1)
  2 sky beasts
  6 orc warriors
  2 phantoms
  A black bear (D:11)
  A necrophage (D:10)
  9 ogres
  A crocodile (Lair:1)
  4 centaurs
  2 wolves (D:11)
  3 big kobolds
  7 bullfrogs
  4 scorpions
  A wyvern skeleton (D:10)
  12 killer bees
  5 electric eels (D:10)
  5 wights (D:9)
  2 howler monkeys (D:8)
  A centaur zombie (D:11)
  A quasit (D:7)
  A jelly (D:5)
  2 bullfrog zombies (D:10)
  Crazy Yiuf (D:6)
  7 hounds
  A centaur skeleton (D:4)
  6 orc priests
  4 bullfrog skeletons
  An iron imp (D:9)
  An iguana (D:5)
  13 orc wizards
  Ijyb (D:3)
  Terence (D:3)
  5 worker ants
  A hound zombie (D:10)
  3 hound skeletons
  2 worker ant zombies (D:7)
  Robin (D:4)
  12 adders
  4 gnolls (D:8)
  A howler monkey skeleton (D:11)
  A shadow imp (D:10)
  6 white imps
  2 oozes
  An adder zombie (D:6)
  An adder skeleton (D:6)
  2 dart slugs
  7 leopard geckos
  47 orcs
  2 ball pythons (D:4)
  5 giant cockroaches
  12 goblins
  8 hobgoblins
  4 jackals (D:2)
  4 quokkas
  5 bats
  7 frilled lizards
  16 kobolds
  9 rats
329 creatures vanquished.

Vanquished Creatures (others)
  2 adders (D:2)
  An orc (D:10)
  A plant (D:11)
4 creatures vanquished.

Grand Total: 333 creatures vanquished

Notes
Turn   | Place    | Note
-------+----------+-------------------------------------------
     0 | D:1      | HoaS the Gargoyle Gladiator began the quest for the Orb.
     0 | D:1      | Reached XP level 1. HP: 12/12 MP: 1/1
    67 | D:1      | Reached XP level 2. HP: 7/18 MP: 2/2
   804 | D:2      | Reached XP level 3. HP: 22/22 MP: 3/3
   930 | D:2      | Found a glowing golden altar of the Shining One.
   986 | D:2      | Reached skill level 4 in Unarmed Combat
  1168 | D:2      | Reached XP level 4. HP: 28/28 MP: 4/4
  1644 | D:3      | Noticed Terence
  1701 | D:3      | Killed Terence
  1761 | D:3      | Noticed Ijyb
  1775 | D:3      | Killed Ijyb
  1775 | D:3      | Reached XP level 5. HP: 32/32 MP: 5/5
  1871 | D:3      | Reached skill level 5 in Unarmed Combat
  2168 | D:3      | Noticed a phantom
  2239 | D:3      | Killed a phantom
  2239 | D:3      | Reached XP level 6. HP: 30/38 MP: 6/6
  2267 | D:3      | Noticed Sigmund
  2303 | D:3      | Killed Sigmund
  2303 | D:3      | Reached skill level 6 in Unarmed Combat
  2405 | D:3      | Found a runed translucent gate.
  2405 | D:3      | Found a runed translucent gate.
  2405 | D:3      | Found a runed translucent gate.
  2410 | D:3      | Noticed iles's ghost (amateur HOFi)
  2511 | D:3      | Found a burning altar of Makhleb.
  2517 | D:3      | Reached XP level 7. HP: 43/44 MP: 7/7
  2524 | D:3      | Became a worshipper of Makhleb the Destroyer
  2767 | D:4      | Reached skill level 5 in Fighting
  2967 | D:4      | Reached skill level 7 in Unarmed Combat
  3153 | D:4      | Noticed Robin
  3386 | D:4      | Killed Robin
  3386 | D:4      | Reached * piety under Makhleb
  3402 | D:4      | Found a stormy altar of Qazlal.
  3402 | D:4      | Noticed Grinder
  3412 | D:4      | Killed Grinder
  3412 | D:4      | Reached skill level 8 in Unarmed Combat
  3412 | D:4      | Reached XP level 8. HP: 50/51 MP: 8/8
  3636 | D:5      | Entered Level 5 of the Dungeon
  3981 | D:5      | Got a pair of pitted gloves
  3987 | D:5      | Identified the +1 pair of gloves "Bigo" {*Corrode +Blink
                  | rElec rF+++} (You found it on level 5 of the Dungeon)
  4043 | D:5      | Found a blossoming altar of Fedhas.
  4410 | D:6      | Found a staircase to the Ecumenical Temple.
  4580 | D:6      | Reached skill level 9 in Unarmed Combat
  4702 | D:6      | Found a runed translucent door.
  4703 | D:6      | Noticed Crazy Yiuf
  5101 | D:6      | Killed Crazy Yiuf
  5284 | D:6      | Reached ** piety under Makhleb
  5352 | D:7      | Reached XP level 9. HP: 57/57 MP: 9/9
  5458 | D:7      | Reached skill level 10 in Unarmed Combat
  5585 | D:7      | Noticed Pikel
  5599 | D:7      | Killed Pikel
  5785 | D:7      | Found a shimmering blue altar of Sif Muna.
  6206 | D:8      | Noticed Psyche
  6226 | D:8      | Killed Psyche
  6226 | D:8      | Reached skill level 11 in Unarmed Combat
  6504 | D:8      | Reached XP level 10. HP: 54/66 MP: 6/10
  7193 | D:9      | Reached *** piety under Makhleb
  7199 | D:9      | Reached skill level 12 in Unarmed Combat
  7282 | D:9      | Noticed Harold
  7302 | D:9      | Killed Harold
  7519 | D:9      | Reached skill level 10 in Fighting
  7832 | D:9      | Found a snail-covered altar of Cheibriados.
  7951 | D:10     | Entered Level 10 of the Dungeon
  8082 | D:10     | Reached skill level 13 in Unarmed Combat
  8315 | D:10     | Reached XP level 11. HP: 73/73 MP: 9/11
  8363 | D:10     | Reached **** piety under Makhleb
  8413 | D:10     | Noticed a two-headed ogre
  8456 | D:10     | Killed a two-headed ogre
  8802 | D:10     | Found a staircase to the Orcish Mines.
  8997 | D:11     | Reached skill level 14 in Unarmed Combat
  9305 | D:11     | Noticed Grum
  9336 | D:11     | Killed Grum
  9528 | D:11     | Reached ***** piety under Makhleb
  9572 | D:11     | Noticed a two-headed ogre
  9576 | D:11     | Noticed a four-headed hydra
  9581 | D:11     | Noticed Fannar
  9599 | D:11     | Killed a four-headed hydra
  9606 | D:11     | Killed a two-headed ogre
  9606 | D:11     | Reached skill level 15 in Unarmed Combat
  9606 | D:11     | Reached XP level 12. HP: 50/81 MP: 5/12
  9629 | D:11     | Killed Fannar
 10055 | D:11     | Found a staircase to the Lair.
 10262 | Lair:1   | Entered Level 1 of the Lair of Beasts
 11103 | Lair:2   | Found a gate leading to a gauntlet.
 11112 | Gauntlet | Entered a Gauntlet
 11112 | Gauntlet | Found a transporter.
 11112 | Gauntlet | Found a transporter.
 11118 | Gauntlet | Found a transporter.
 11130 | Gauntlet | Found a transporter.
 11130 | Gauntlet | Noticed a queen ant
 11147 | Gauntlet | Noticed a death yak
 11147 | Gauntlet | Noticed a death yak
 11148 | Gauntlet | Noticed a death yak
 11148 | Gauntlet | Noticed a death yak
 11149 | Gauntlet | Found a transporter.
 11149 | Gauntlet | Found a transporter.
 11149 | Gauntlet | Found a transporter.
 11151 | Gauntlet | Found a transporter.
 11151 | Gauntlet | Found a transporter.
 11155 | Gauntlet | Found a runed translucent door.
 11160 | Gauntlet | Found a runed translucent door.
 11162 | Gauntlet | Found a transporter.
 11178 | Gauntlet | Found a transporter.
 11191 | Gauntlet | Found a transporter.
 11203 | Gauntlet | Found a transporter.
 11211 | Gauntlet | Noticed a ghost crab
 11223 | Gauntlet | Found a transporter.
 11334 | Gauntlet | Mangled by a death yak

Illustrated notes

Levels and vault maps discovered:
D:1:      lemuel_arrival_funnel, layout_basic, minmay_misc_feat_roman,
          minmay_tromino_v4_a
D:2:      layout_loops_ring, tso_metal_star, serial_rivers,
          chequers_serial_rivers_micro_d, chequers_serial_rivers_marsh,
          chequers_serial_rivers_small_3, chequers_serial_rivers_small_a,
          chequers_serial_rivers_room_a, chequers_serial_rivers_micro_e,
          lemuel_flame_loot_1
D:3:      layout_basic, makhleb_heckhound_becter, gammafunk_ghost_necromancy,
          first_ration, dk_vineyard_1, minmay_bisected, uniq_ijyb, uniq_terence,
          uniq_sigmund
D:4:      layout_gridville, nicolae_qazlal_eye_of_the_storm,
          grunt_decor_fettered, patterned_corridor, uniq_robin, uniq_grinder
D:5:      layout_loops_ring, fedhas_altar_4
D:6:      layout_basic, minmay_temple_entry_grid, uniq_crazy_yiuf_cottage
D:7:      layout_basic, led_sif_book, uniq_pikel
D:8:      layout_layer_cave, blue_anna_alchemist [blue_anna_fruit_fields,
          blue_anna_fruit_fields], hangedman_abyss_or_decor_stagger, uniq_psyche
D:9:      layout_loops_ring, slow_altar_2, uniq_harold
D:10:     erik_rubicon_a, layout_cave_pools, erik_orc_4
D:11:     layout_irregular_city, david_lair_shrubbed, eino_tiny_chamber,
          uniq_grum, uniq_fannar
Lair:1:   layout_regular_city, grunt_megastairs_1
Lair:2:   layout_roguey, minmay_snake_entry_guardpost_small,
          gauntlet_entry_generic, minmay_lair_oklob_chamber
Gauntlet: gammafunk_gauntlet_mixed_choke_point
          [minmay_gauntlet_arena_77_squiggly,
          minmay_gauntlet_arena_77_checkered,
          minmay_gauntlet_arena_77_hold_the_fort, gammafunk_gauntlet_arena_grid,
          minmay_gauntlet_arena_77_radiant_squares,
          minmay_gauntlet_arena_77_two_lines, minmay_gauntlet_arena_77_cramped,
          gauntlet_exit_green]

Skill      XL: |  1  2  3  4  5  6  7  8  9 10 11 12 |
---------------+-------------------------------------+-----
Fighting       | 3 4 6 7 9 10 11 12 | 12.8
Unarmed Combat | 4 5 6 8 9 11 13 15 | 15.7
Dodging        | 3 |  3.2
Throwing       | |  1.7

Action                   |  1- 3 |  4- 6 |  7- 9 | 10-12 || total
-------------------------+-------+-------+-------+-------++-------
Melee: Unarmed           |   150 |   194 |   400 |   717 ||  1461
       Punch             |       |     2 |    21 |    55 ||    78
Throw: Throwing net      |       |     3 |       |     1 ||     4
       Dart              |       |     6 |     7 |     6 ||    19
       Boomerang         |       |       |    13 |       ||    13
Evoke: Wand              |       |       |     4 |     2 ||     6
  Use: Scroll            |     6 |     6 |     6 |     3 ||    21
       Potion            |       |       |     1 |     2 ||     3
 Stab: Held in net/web   |       |     2 |       |     1 ||     3
  Eat: Ration            |     1 |     1 |     3 |     4 ||     9
Armor: Leather armour    |    24 |       |       |       ||    24
       Scale mail        |    32 |     7 |       |       ||    39
       Pearl dragon scal |       |    88 |   263 |   462 ||   813
Dodge: Dodged            |    92 |    64 |   202 |   317 ||   675

Table legend:
 A = Non-vault XP
 B = Vault XP
 C = Vault XP percentage of total XP
 D = Non-vault monster count
 E = Vault monster count
 F = Vault count percentage of total count
                 A         B        C        D         E       F
            +---------+---------+-------+---------+---------+-------
      Total |   19815 |    6407 |  24.4 |     270 |      59 |  17.9
            +---------+---------+-------+---------+---------+-------
        D:1 |      26 |       5 |  16.1 |      15 |       3 |  16.7
        D:2 |      69 |       0 |   0.0 |      19 |       0 |   0.0
        D:3 |     209 |     346 |  62.3 |      24 |       7 |  22.6
        D:4 |     502 |     329 |  39.6 |      18 |      14 |  43.8
        D:5 |     398 |       0 |   0.0 |       9 |       0 |   0.0
        D:6 |     291 |      42 |  12.6 |      18 |       1 |   5.3
        D:7 |     854 |     675 |  44.1 |      18 |       3 |  14.3
        D:8 |    1242 |     534 |  30.1 |      23 |       2 |   8.0
        D:9 |    1300 |    1052 |  44.7 |      25 |       2 |   7.4
       D:10 |    4732 |     150 |   3.1 |      47 |      12 |  20.3
       D:11 |    5254 |    2026 |  27.8 |      31 |       7 |  18.4
     Lair:1 |    4938 |     867 |  14.9 |      23 |       3 |  11.5
   Gauntlet |       0 |     381 | 100.0 |       0 |       5 | 100.0
            +---------+---------+-------+---------+---------+-------
